 Dungeon Crawl Stone Soup version 0.32-a0-19-g28bc0835a1 (webtiles) character file.

Game seed: 11364178167469666038

64643 Jannitor the Hand of Fortune (level 14, -5/111 HPs)
             Began as a Demonspawn Reaver on Jan 16, 2024.
             Was the Champion of Nemelex Xobeh.
             Splashed by a brown ugly thing's acid (9 damage)
             ... on level 12 of the Dungeon on Jan 17, 2024.
             The game lasted 00:55:38 (28545 turns).

Jannitor the Hand of Fortune (Demonspawn Reaver)   Turns: 28545, Time: 00:55:38

Health: -5/111     AC:  0    Str: 13    XL:     14   Next: 72%
Magic:  25/25      EV: 23    Int: 15    God:    Nemelex Xobeh [******]
Gold:   1739       SH:  6    Dex: 21    Spells: 20/28 levels left

rFire   . . .        v - +3 rapier
rCold   + . .        u - +0 buckler
rNeg    . . .        C - +0 leather armour {rC+}
rPois   .            (helmet restricted)
rElec   .            y - +1 cloak {Will+}
rCorr   .            x - +0 pair of gloves
SInv    .            (no boots)
Will    ++...        i - amulet of faith
Stlth   +++++        N - +5 ring of evasion
HPRegen 0.38/turn    m - +6 ring of dexterity
MPRegen 0.19/turn

%: faith
@: corroded
A: antennae 2, demonic guardian 3, sharp scales 2, demonic magic 1, corrupting
presence 1
a: Renounce Religion, Draw Escape, Draw Destruction, Draw Summoning, Triple
Draw, Deal Four, Stack Five


You were on level 12 of the Dungeon.
You worshipped Nemelex Xobeh.
Nemelex Xobeh was exalted by your worship.
You visited 3 branches of the dungeon, and saw 19 of its levels.
You also visited: Sewer.

You collected 2241 gold pieces.
You spent 502 gold pieces at shops.

Inventory:

Hand Weapons
 v - a +3 rapier (weapon)
 w - the +3 hammer of Annihilation {venom, rPois rN++ Stlth-}
   (You found it on level 5 of the Dungeon)

   rPois:     It protects you from poison rN++: It greatly protects you from
   negative energy.
   Stlth-:    It makes you less stealthy.
 A - a +1 dagger of venom
 F - a +2 dagger of draining
Missiles
 s - 4 curare-tipped darts (quivered)
 B - a throwing net
Armour
 u - a +0 buckler (worn)
 x - a +0 pair of gloves (worn)
 y - a +1 cloak of willpower (worn)
 C - a +0 leather armour of cold resistance (worn)
 E - a scarf of resistance
 H - the +1 buckler of Freezing Salvation {rF- rN+ Str+3}
   (You took it off a tengu conjurer on level 11 of the Dungeon)

   Str+3:     It affects your strength (+3).
   rF-:       It makes you vulnerable to fire.
   rN+:       It protects you from negative energy.
Jewellery
 b - an amulet of magic regeneration
 i - an amulet of faith (around neck)
 j - a +6 ring of strength
 k - an amulet of the acrobat
 m - a +6 ring of dexterity (right hand)
 n - a ring of protection from fire
 I - a ring of wizardry
 N - a +5 ring of evasion (left hand)
 S - a ring of flight
Talismans
 l - a beast talisman
Wands
 D - a wand of flame (15)
 P - a wand of light (5)
 R - a wand of polymorph (6)
 W - a wand of digging (7)
Scrolls
 a - 3 scrolls of immolation
 f - 2 scrolls of vulnerability
 g - 4 scrolls of enchant weapon
 h - 2 scrolls of enchant armour
 t - a scroll of silence
 K - 3 scrolls of teleportation
 O - 3 scrolls of amnesia
 Q - 4 scrolls of identify
 T - a scroll of fear {unknown}
 U - 2 scrolls of revelation
Potions
 c - a potion of lignification
 d - a potion of heal wounds
 e - 2 potions of ambrosia
 o - a potion of magic
 p - 2 potions of haste
 q - 8 potions of brilliance
 r - a potion of curing
 z - a potion of mutation
 G - 2 potions of berserk rage
 J - a potion of invisibility
 L - 2 potions of enlightenment
 V - a potion of might
Miscellaneous
 M - a tin of tremorstones (1/2)


   Skills:
 + Level 10.4 Fighting
 + Level 9.8 Short Blades
 + Level 4.0 Armour
 + Level 9.5 Dodging
 + Level 10.0 Stealth
 - Level 6.3 Shields
 + Level 7.9 Spellcasting
 - Level 3.0 Conjurations
 + Level 6.2 Hexes
 + Level 6.1 Alchemy
 + Level 12.6 Invocations


You had 20 spell levels left.
You knew the following spells:

 Your Spells              Type           Power      Damage    Failure   Level
a - Kiss of Death         Conj/Necr      40%        2d8       11%         1
b - Yara's Violent Unrav  Hex/Alch       12%        3d7       41%         5
c - Mercury Vapours       Alch/Air       30%        N/A       9%          2

Your spell library contained the following spells:

 Spells                   Type           Power      Damage    Failure   Level
 Sting                    Conj/Alch      76%        1d7       3%          1
 Tukima's Dance           Hex            24%        N/A       4%          3
 Foxfire                  Conj/Fire      40%        2x1d6     11%         1
 Momentum Strike          Conj/Tloc      20%        3d8       16%         2
 Mephitic Cloud           Conj/Alch/Air  15%        N/A       17%         3
 Apportation              Tloc           10%        N/A       21%         1
 Necrotise                Necr           20%        1d5       21%         1
 Summon Small Mammal      Summ           20%        N/A       21%         1
 Fulminant Prism          Conj/Alch      9%         3d7       30%         4
 Hailstorm                Conj/Ice       10%        3d6       32%         3
 Leda's Liquefaction      Alch/Erth      7%         N/A       50%         4
 Volatile Blastmotes      Fire/Tloc      10%        2d10      52%         3
 Iskenderun's Mystic Bla  Conj/Tloc      10%        2d4       71%         4
 Animate Armour           Summ/Erth      10%        N/A       89%         4
 Passage of Golubria      Tloc           5%         N/A       89%         4
 Summon Lightning Spire   Summ/Air       5%         N/A       89%         4
 Freezing Cloud           Conj/Ice/Air   4%         6-21      98%         5
 Lee's Rapid Deconstruct  Erth           2%         3d5*      99%         5
 Bombard                  Conj/Erth      5%         9d2       100%        6
 Plasma Beam              Fire/Air       2%         2x1d12    100%        6
 Starburst                Conj/Fire      5%         6d4       100%        6


Dungeon Overview and Level Annotations

Branches:
Dungeon (12/15)            Temple (0/1) D:6            Lair (5/5) D:10
 Shoals (0/4) Lair:2       Spider (0/4) Lair:3        Slime (0/5) Lair:4
    Orc (2/2) D:11            Elf (0/3) Orc:2         Sewer (visited)

Altars:
Ashenzari
Cheibriados
Gozag
Hepliaklqana
Kikubaaqudgha
Nemelex Xobeh
Ru
Trog
Uskayaw
Xom
Yredelemnul

Shops:
Orc:1 ?!=[[(   Orc:2 ![*=

Portals:
Abyss: D:12

Annotations:
D:12 2 transporters, YordlordTheGreat's ghost, journeyman MfSu


Innate Abilities, Weirdness & Mutations

You have a pair of antennae on your head.
A powerful demonic guardian rushes to your aid.
You are mostly covered in razor-sharp scales. (AC +2, Slay +2)
Spells you cast may paralyse adjacent enemies.
Your presence sometimes corrodes those you injure.


Message History

You puncture the brown ugly thing!
The brown ugly thing is lightly wounded.
Your hell hound bites the brown ugly thing.
The brown ugly thing engulfs you! The acid corrodes you!
You are splashed with acid!
* * * LOW HITPOINT WARNING * * *
Unknown command.
You hit the brown ugly thing.
The brown ugly thing is moderately wounded.
Your hell hound barely misses the brown ugly thing.
The brown ugly thing completely misses you.
Unknown command.
You feel much better.
Your hell hound barely misses the brown ugly thing.
The brown ugly thing engulfs you.
You are splashed with acid!
You barely miss the brown ugly thing.
The brown ugly thing is moderately wounded.
Your hell hound bites the brown ugly thing.
You barely miss the brown ugly thing.
The brown ugly thing is moderately wounded.
Your hell hound breathes flames at the brown ugly thing.
The blast of flame hits the brown ugly thing!!
The brown ugly thing barely misses your hell hound.
Your hell hound bites the brown ugly thing.
You puncture the brown ugly thing!
The brown ugly thing is severely wounded.
The brown ugly thing engulfs you!
* * * LOW HITPOINT WARNING * * *
The acid corrodes you!
You are splashed with acid!
* * * LOW HITPOINT WARNING * * *
A demonic guardian appears!
Your hell hound barely misses the brown ugly thing.
You barely miss the brown ugly thing.
The brown ugly thing is severely wounded.
Your hell hound closely misses the brown ugly thing.
The brown ugly thing engulfs you!
* * * LOW HITPOINT WARNING * * *
You are splashed with acid!
You die...
Your body glows with a rainbow of weird colours and disappears.

.#.##.........................
.###...##........######..........
##.#...##........#....#'###+#+#..
#©.##h##.........#............#..
##..###....#####.#...............
{#.........#...#.#####...........
##........#...#.....#.........≈≈
{#####....#...#..2..#.........≈.
∩##.##...#...#@)...#...........
#.....©#...#...#u)...#.........##
##o.####...+...#)h...####........
.####..........#........#......##
...........#...#<.......#........
...........#...#........#+###.§§§
.....+.....#####......... ..≈≈
.....#..)................
.....#......###.........


You could see a brown ugly thing (ally target), a friendly cacodemon (summoned)
and a friendly hell hound (summoned, catching breath).

Vanquished Creatures
  Kirke (Lair:4)
  3 catoblepae
  2 ogre magi (Orc:2)
  4 two-headed ogres
  A boulder beetle (Lair:4)
  3 death yaks
  An orc knight (Orc:2)
  A lindwurm (Lair:4)
  2 cyclopes
  2 manticores
  3 black mambas
  4 kobold blastminers
  A torpor snail (Lair:5)
  5 elephants
  A gargoyle (D:12)
  9 cane toads
  An unseen horror (D:11)
  6 komodo dragons
  A tengu conjurer (D:11)
  2 rime drakes (Lair:5)
  2 red devils (D:12)
  3 polar bears
  A troll (D:11)
  3 hornets
  4 dream sheep (Lair:5)
  A slime creature (D:12)
  7 blink frogs
  2 culicivoras (Lair:3)
  3 spriggans (D:10)
  2 shadows (D:11)
  2 wraiths
  29 yaks
  6 wyverns
  2 hogs (Lair:4)
  3 basilisks
  6 vampire mosquitoes (D:11)
  A naga (Orc:2)
  13 water moccasins
  8 orc warriors
  2 black bears (Lair:1)
  An ice beast (D:7)
  2 sky beasts (D:8)
  An ogre (Orc:1)
  9 wolves
  4 centaurs
  4 kobold brigands
  Blork the orc (D:6)
  10 bullfrogs
  3 gnoll sergeants
  2 necrophages (Sewer)
  2 scorpions
  4 wights
  4 killer bees (D:9)
  An electric eel (Lair:5)
  7 howler monkeys
  5 bombardier beetles
  3 hounds
  6 jellies
  12 orc priests
  3 sleepcaps
  Crazy Yiuf (D:5)
  2 gnoll boudas
  4 iguanas
  16 orc wizards
  21 gnolls
  5 adders
  3 shadow imps (Sewer)
  2 white imps
  An ufetubus (Sewer)
  An adder zombie (Sewer)
  2 ribbon worms
  3 dart slugs
  38 orcs
  9 ball pythons
  12 bats
  6 endoplasms
  4 giant cockroaches
  6 hobgoblins
  12 quokkas
  4 frilled lizards
  5 goblins
  29 kobolds
  A kobold zombie (Sewer)
  2 rats
426 creatures vanquished.

Vanquished Creatures (collateral kills)
  A catoblepas (Lair:5)
  A boulder beetle (Lair:5)
  2 death yaks
  2 orc high priests (Orc:2)
  A skyshark (Lair:5)
  Pikel (D:5)
  An orc sorcerer (Orc:1)
  A lindwurm (Lair:5)
  3 orc knights
  An oklob plant (Lair:3)
  A manticore (Lair:5)
  11 elephants
  2 black mambas
  A gargoyle (D:10)
  2 torpor snails (Lair:5)
  A kobold blastminer (Orc:1)
  3 cane toads
  A komodo dragon (Lair:3)
  2 rime drakes (Lair:5)
  A red devil (D:12)
  7 trolls
  2 polar bears (Lair:2)
  3 dream sheep (Lair:5)
  A slime creature (D:12)
  4 spriggans (D:10)
  18 yaks
  4 wargs
  2 wraiths
  3 wyverns
  A water moccasin (Orc:2)
  7 orc warriors
  An ice beast (D:7)
  An ogre (Orc:1)
  5 wolves
  A lemure (D:5)
  2 bullfrogs (Lair:3)
  A gnoll sergeant (D:10)
  A wight (D:7)
  A howler monkey (D:8)
  15 orc priests
  A gnoll bouda (D:9)
  A sleepcap (D:6)
  7 orc wizards
  2 adders
  7 gnolls
  A ribbon worm (D:2)
  16 orcs
  An endoplasm (D:2)
  A giant cockroach (D:3)
  A goblin (D:3)
  A hobgoblin (D:2)
  3 kobolds
161 creatures vanquished.

Vanquished Creatures (others)
  2 humans (Lair:4)
  An orc warrior (Orc:2)
  A jelly (D:4)
  A kobold (D:8)
  A butterfly (D:8)
6 creatures vanquished.

Grand Total: 593 creatures vanquished

Notes
Turn   | Place    | Note
-------+----------+-------------------------------------------
     0 | D:1      | Jannitor the Demonspawn Reaver began the quest for the Orb.
     0 | D:1      | Reached XP level 1. HP: 16/16 MP: 3/3
   318 | D:1      | Gained mutation: You are partially covered in razor-sharp
                  | scales. (AC +1, Slay +1) [demonic ancestry]
   318 | D:1      | Reached XP level 2. HP: 22/22 MP: 5/5
   373 | D:1      | Found a faded altar of an unknown god.
   379 | D:1      | Prayed at the altar of an unknown god.
   379 | D:1      | Became a worshipper of Nemelex Xobeh the Trickster
   379 | D:1      | Reached * piety under Nemelex Xobeh
   899 | D:2      | Received a gift from Nemelex Xobeh
  1001 | D:2      | Gained mutation: A weak demonic guardian rushes to your
                  | aid. [demonic ancestry]
  1001 | D:2      | Reached XP level 3. HP: 28/28 MP: 6/6
  1152 | D:2      | Reached skill level 1 in Invocations
  1319 | D:2      | Reached ** piety under Nemelex Xobeh
  1416 | D:2      | Reached XP level 4. HP: 8/34 MP: 7/7
  1912 | D:3      | Reached skill level 1 in Stealth
  1971 | D:3      | Reached skill level 2 in Invocations
  2113 | D:3      | Reached XP level 5. HP: 27/34 MP: 9/9
  2161 | D:3      | Found a hazy altar of Hepliaklqana.
  2188 | D:3      | Found a glowing drain.
  2242 | Sewer    | Entered a sewer
  2467 | Sewer    | Found an ancient bone altar of Kikubaaqudgha.
  2477 | Sewer    | Noticed Grinder
  2500 | Sewer    | Gained mutation: You are mostly covered in razor-sharp
                  | scales. (AC +2, Slay +2) [demonic ancestry]
  2500 | Sewer    | Reached XP level 6. HP: 47/47 MP: 10/10
  2537 | Sewer    | Paralysed by Grinder for 4 turns
  2542 | Sewer    | Grinder changed into Grinder the white imp
  2542 | Sewer    | Noticed Grinder
  2544 | Sewer    | Killed Grinder the white imp
  2545 | Sewer    | Reached skill level 3 in Invocations
  3912 | D:4      | Reached *** piety under Nemelex Xobeh
  4200 | D:4      | Received a gift from Nemelex Xobeh
  4302 | D:4      | Found a sacrificial altar of Ru.
  4639 | D:4      | Found a bloodstained altar of Trog.
  4804 | D:4      | Reached XP level 7. HP: 46/52 MP: 10/12
  5093 | D:5      | Entered Level 5 of the Dungeon
  5140 | D:5      | Noticed Pikel
  5156 | D:5      | Killed Pikel
  5157 | D:5      | Reached skill level 1 in Shields
  5157 | D:5      | Reached skill level 4 in Invocations
  5157 | D:5      | Gained mutation: A demonic guardian rushes to your aid.
                  | [demonic ancestry]
  5157 | D:5      | Reached XP level 8. HP: 23/60 MP: 11/13
  5353 | D:5      | Found a runed translucent door.
  5354 | D:5      | Identified the +3 hammer of Annihilation {venom, rPois rN++
                  | Stlth-}
  5354 | D:5      | Noticed Crazy Yiuf
  5800 | D:5      | Killed Crazy Yiuf
  6102 | D:6      | Reached **** piety under Nemelex Xobeh
  6305 | D:6      | Found a staircase to the Ecumenical Temple.
  6327 | D:5      | Reached skill level 5 in Invocations
  7012 | D:6      | Found a broken altar of Ashenzari.
  7174 | D:6      | Reached skill level 5 in Fighting
  7174 | D:6      | Reached skill level 5 in Short Blades
  7286 | D:6      | Found an ancient bone altar of Kikubaaqudgha.
  7328 | D:6      | Noticed Blork the orc
  7343 | D:6      | Killed Blork the orc
  7419 | D:6      | Received a gift from Nemelex Xobeh
  7444 | D:6      | Gained mutation: You have a pair of small antennae on your
                  | head. [demonic ancestry]
  7444 | D:6      | Reached XP level 9. HP: 68/68 MP: 15/15
  8166 | D:7      | Reached skill level 6 in Invocations
  8860 | D:8      | Found a shimmering altar of Xom.
  8860 | D:8      | Found a basalt altar of Yredelemnul.
  8876 | D:8      | Reached skill level 5 in Spellcasting
  8909 | D:7      | Reached skill level 5 in Dodging
  9454 | D:8      | Reached ***** piety under Nemelex Xobeh
  9454 | D:8      | Received a gift from Nemelex Xobeh
  9781 | D:8      | Reached skill level 5 in Stealth
 10265 | D:9      | Identified the +4 falchion "Haloz" {drain, rElec}
 10465 | D:9      | Gained mutation: A powerful demonic guardian rushes to your
                  | aid. [demonic ancestry]
 10465 | D:9      | Reached XP level 10. HP: 73/76 MP: 18/18
 10542 | D:9      | Found a snail-covered altar of Cheibriados.
 10560 | D:9      | Reached skill level 7 in Invocations
 10703 | D:9      | Found an opulent altar of Gozag.
 10852 | D:9      | Received a gift from Nemelex Xobeh
 11110 | D:9      | Identified the +8 chain mail of Plasticity {Int+2}
 11470 | D:9      | Found a hide-covered altar of Uskayaw.
 11470 | D:9      | Noticed a +0 dagger
 11471 | D:9      | Noticed a +0 short sword
 11471 | D:9      | Noticed a +0 dagger
 11472 | D:9      | Noticed a +0 short sword
 11472 | D:9      | Noticed a +0 falchion
 11473 | D:9      | Noticed a +0 spear
 11473 | D:9      | Noticed a +0 falchion
 11473 | D:9      | Noticed a +0 spear
 11491 | D:9      | Received a gift from Nemelex Xobeh
 11632 | D:10     | Entered Level 10 of the Dungeon
 11636 | D:10     | Found a staircase to the Lair.
 11704 | D:10     | Received a gift from Nemelex Xobeh
 12066 | D:10     | Identified the +0 long sword of the Key {flame, Will+
                  | Dex+3}
 12070 | D:10     | Reached skill level 8 in Invocations
 12204 | D:10     | Noticed a two-headed ogre
 12212 | D:10     | Killed a two-headed ogre
 12213 | D:10     | Reached skill level 5 in Shields
 12329 | D:10     | Gained mutation: You have a pair of antennae on your head.
                  | [demonic ancestry]
 12329 | D:10     | Reached XP level 11. HP: 62/84 MP: 19/19
 13174 | D:10     | Noticed a two-headed ogre
 13191 | D:10     | Killed a two-headed ogre
 13192 | D:10     | Reached skill level 9 in Invocations
 13797 | D:11     | Found a staircase to the Orcish Mines.
 13947 | D:11     | Received a gift from Nemelex Xobeh
 14206 | D:11     | Identified the +1 buckler of Freezing Salvation {rF- rN+
                  | Str+3}
 14791 | D:11     | Received a gift from Nemelex Xobeh
 14794 | D:11     | Noticed a two-headed ogre
 14797 | D:11     | Killed a two-headed ogre
 15058 | Lair:1   | Entered Level 1 of the Lair of Beasts
 15279 | Lair:1   | Reached ****** piety under Nemelex Xobeh
 15435 | Lair:1   | Received a gift from Nemelex Xobeh
 15442 | Lair:1   | Learned a level 5 spell: Yara's Violent Unravelling
 15490 | Lair:1   | Gained mutation: Your presence sometimes corrodes those you
                  | injure. [demonic ancestry]
 15490 | Lair:1   | Reached XP level 12. HP: 47/93 MP: 20/20
 15765 | Lair:1   | Reached skill level 1 in Hexes
 15765 | Lair:1   | Reached skill level 1 in Alchemy
 15765 | Lair:1   | Reached skill level 10 in Invocations
 16330 | Lair:1   | Identified the -2 hand axe "Demonbane" {drain, rC+ Dex+2
                  | Stlth+}
 16376 | Lair:1   | Received a gift from Nemelex Xobeh
 16966 | Lair:2   | Received a gift from Nemelex Xobeh
 17486 | Lair:2   | Noticed a death yak
 17488 | Lair:2   | Noticed a death yak
 17489 | Lair:2   | Killed a death yak
 17510 | Lair:2   | Killed a death yak
 17855 | Lair:2   | Found a staircase to the Shoals.
 18628 | Lair:2   | Received a gift from Nemelex Xobeh
 18661 | Lair:2   | Reached skill level 11 in Invocations
 18661 | Lair:2   | Reached XP level 13. HP: 78/101 MP: 22/22
 19026 | Lair:2   | Received a gift from Nemelex Xobeh
 19806 | Lair:3   | Identified the +2 trident "Votumyti" {drain, Dex+4}
 20020 | Lair:3   | Received a gift from Nemelex Xobeh
 20032 | Lair:3   | Found a hole to the Spider Nest.
 20810 | Lair:4   | Received a gift from Nemelex Xobeh
 20889 | Lair:4   | Reached skill level 1 in Armour
 20924 | Lair:4   | Noticed Kirke
 20936 | Lair:4   | Killed Kirke
 21065 | Lair:4   | Found a staircase to the Slime Pits.
 21095 | Lair:4   | Received a gift from Nemelex Xobeh
 21349 | Lair:4   | Received a gift from Nemelex Xobeh
 21839 | Lair:5   | Entered Level 5 of the Lair of Beasts
 22892 | Lair:5   | Reached skill level 5 in Hexes
 23335 | Lair:5   | Received a gift from Nemelex Xobeh
 23351 | Lair:5   | Reached skill level 5 in Alchemy
 23641 | Lair:5   | Gained mutation: Spells you cast may paralyse adjacent
                  | enemies. [demonic ancestry]
 23641 | Lair:5   | Reached XP level 14. HP: 92/109 MP: 16/24
 23937 | Lair:5   | Learned a level 2 spell: Mercury Vapours
 23959 | Lair:5   | Reached skill level 12 in Invocations
 24328 | Lair:5   | Reached skill level 10 in Fighting
 24386 | Lair:5   | Identified the +0 shortbow of Mutilation {drain, rC+ Int+8}
 24842 | Orc:1    | Entered Level 1 of the Orcish Mines
 24844 | Orc:1    | Found Lelugu's Firing Range.
 24849 | Orc:1    | Found Cecyjave's Antique Armour Shop.
 24852 | Orc:1    | Received a gift from Nemelex Xobeh
 25454 | Orc:1    | Received a gift from Nemelex Xobeh
 25468 | Orc:1    | Found Biemuyhi's Armour Shoppe.
 25713 | Orc:2    | Entered Level 2 of the Orcish Mines
 25883 | Orc:2    | Found a staircase to the Elven Halls.
 25919 | Orc:1    | Found Ynonymis's Magic Scroll Emporium.
 25919 | Orc:1    | Received a gift from Nemelex Xobeh
 25919 | Orc:1    | Found Muroo's Distillery.
 25929 | Orc:1    | Identified the +0 long sword of Distant Shores {venom, rC+}
 25947 | Orc:1    | Bought a scroll of enchant weapon for 120 gold pieces
 25947 | Orc:1    | Bought a scroll of enchant weapon for 120 gold pieces
 26032 | Orc:1    | Found Halunomn's Jewellery Boutique.
 26070 | Orc:1    | Bought a potion of heal wounds for 70 gold pieces
 26070 | Orc:1    | Bought a potion of heal wounds for 70 gold pieces
 26070 | Orc:1    | Bought a potion of curing for 42 gold pieces
 26392 | Orc:2    | Identified the +0 long sword "Dyorium" {flame, rPois rCorr
                  | MP-9 Str+3}
 26835 | Orc:2    | Received a gift from Nemelex Xobeh
 27450 | Orc:1    | Upgraded the game from 0.32-a0-18-g89e19f1974 to
                  | 0.32-a0-19-g28bc0835a1
 27879 | Orc:2    | Found Quoludeloa's Distillery.
 27879 | Orc:2    | Found Geewneaz's Armour Emporium.
 27889 | Orc:2    | Found Utaa's General Store.
 27889 | Orc:2    | Found Xaell's Jewellery Emporium.
 27898 | Orc:2    | Bought a potion of heal wounds for 80 gold pieces
 28186 | D:12     | Received a gift from Nemelex Xobeh
 28384 | D:12     | Reached skill level 10 in Stealth
 28442 | D:12     | Found a transporter.
 28446 | D:12     | Noticed YordlordTheGreat's ghost (journeyman MfSu)
 28454 | D:12     | Received a gift from Nemelex Xobeh
 28482 | D:12     | Found a transporter.
 28486 | D:12     | Found a one-way gate to the infinite horrors of the Abyss.
 28545 | D:12     | HP: 4/111 [brown ugly thing (16)]
 28545 | D:12     | Splashed by a brown ugly thing's acid

Illustrated notes

Levels and vault maps discovered:
D:1:      minmay_arrival_split_and_join, layout_loops_ring,
          dreamdust_ecumenical_altar_angels_and_demons
D:2:      minmay_diamond_boxcup, layout_basic
D:3:      layout_basic, nicolae_hepliaklqana_hazy_memory, portal_sewer_entry_f,
          hangedman_decor_growths
D:4:      layout_basic, nicolae_ru_sacrificial_ziggurat,
          mainiacjoe_overflow_alcove_2
D:5:      layout_rooms, kennysheep_generic_room_9, uniq_pikel,
          uniq_crazy_yiuf_cottage
D:6:      layout_loops_cross, mainiacjoe_overflow_tiny_flanked,
          mainiacjoe_overflow_concentric_impassable,
          minmay_temple_entry_slanted, uniq_blork_the_orc
D:7:      layout_loops_ring
D:8:      layout_rooms, nicolae_elyvilon_peaceful_grove,
          gammafunk_temple_overflow_forgotten
D:9:      layout_gridville, nicolae_gozag_cash_rules_everything_around_me,
          nicolae_uskayaw_en_pointe, cheibriados_altar_1
D:10:     kb_forest_paths, layout_basic
D:11:     layout_roguey, erik_orc_4, roderic_serpentine_path
D:12:     layout_irregular_city, nicolae_trove_entry_isolated,
          gammafunk_ghost_abyssal_escape, einodemon_armed_red_devil_minivault
Lair:1:   layout_regular_city, beast_lair_carwin_7
Lair:2:   layout_cave_shapes, mainiacjoe_shoals_entry_four_pools,
          chequers_serial_rivers_small_b, cheibrodos_lair_reptile_den,
          grunt_megastairs_3
Lair:3:   layout_regular_city, hellmonk_spider_entry_life_and_decay
Lair:4:   layout_regular_city, nicolae_slime_entry_field_trip,
          chequers_serial_rivers_micro_e, uniq_kirke
Lair:5:   hangedman_lair_in_review, layout_hall_layers, serial_bayou_pond_d,
          minivault_23, serial_bayou_lagoon_b, infiniplex_staircase_pool
Orc:1:    layout_caves, basic_altar, serial_shops, shop, shop, shop, shop, shop,
          nicolae_shop_firing_range
Orc:2:    grunt_orc_tribal_feast, layout_diamond_mine, basic_altar

Skill      XL: |  1  2  3  4  5  6  7  8  9 10 11 12 13 14 |
---------------+-------------------------------------------+-----
Dodging        | 2 3 4 5 6 7 8 9 |  9.5
Short Blades   | 3 4 5 6 7 8 9 |  9.8
Invocations    | 1 2 3 4 5 6 8 9 11 12 | 12.6
Stealth        | 1 2 3 4 5 6 7 8 9 10 | 10.0
Fighting       | 3 4 5 6 7 8 9 10 | 10.4
Spellcasting   | 3 4 5 6 7 |  7.9
Shields        | 1 2 4 5 6 |  6.3
Hexes          | 3 5 6 |  6.2
Alchemy        | 3 5 6 |  6.1
Armour         | 2 4 |  4.0
Conjurations   | |  3.0

Action                     |  1- 3 |  4- 6 |  7- 9 | 10-12 | 13-15 || total
---------------------------+-------+-------+-------+-------+-------++-------
  Melee: Short sword       |   162 |   400 |    28 |       |       ||   590
         Punch             |     2 |     1 |       |       |       ||     3
         Dagger            |       |       |   313 |   205 |       ||   518
         Mace              |       |       |    89 |       |       ||    89
         Rapier            |       |       |       |   432 |   810 ||  1242
  Throw: Dart              |       |       |       |       |     2 ||     2
   Cast: Kiss of Death     |       |     2 |     1 |       |       ||     3
         Mercury Vapours   |       |       |       |       |    16 ||    16
 Invoke: Draw Summoning    |     2 |       |     2 |    12 |    22 ||    38
         Draw Destruction  |       |     9 |    10 |    25 |    31 ||    75
         Draw Escape       |       |     1 |       |     4 |     6 ||    11
         Triple Draw       |       |       |       |     1 |     4 ||     5
         Deal Four         |       |       |       |       |     3 ||     3
  Evoke: Wand              |       |       |     8 |       |     1 ||     9
         Tin of tremorston |       |       |       |       |     1 ||     1
    Use: Potion            |       |    12 |     4 |     3 |     7 ||    26
         Scroll            |       |     1 |     7 |    12 |     5 ||    25
   Stab: Sleeping          |     2 |     2 |     3 |     7 |     8 ||    22
         Distracted        |       |       |     2 |     2 |    14 ||    18
         Petrified         |       |       |       |       |     2 ||     2
         Petrifying        |       |       |       |       |     1 ||     1
         Paralysed         |       |       |       |       |     5 ||     5
 Armour: Leather armour    |    88 |   177 |   245 |   341 |   332 ||  1183
         Skin              |       |    71 |    52 |       |       ||   123
  Dodge: Dodged            |    93 |   183 |   205 |   339 |   687 ||  1507
  Block: Buckler           |       |     4 |    94 |   159 |   242 ||   499

Table legend: (Time is in decaauts)
 A = Elapsed time spent in this place.
 B = Non-inter-level travel time spent in this place.
 C = Inter-level travel time spent in this place.
 D = Time resting spent in this place.
 E = Time spent auto-exploring this place.
 F = Levels seen in this place.
 G = Mean time per level.
                   A        B        C        D        E       F      G
               +--------+--------+--------+--------+--------+-----+--------+
         Total |  28237 |  27327 |    910 |   7428 |  14482 |  20 | 1411.8 |
       Dungeon |  15074 |  14474 |    600 |   3249 |   8315 |  12 | 1256.2 |
          Lair |   9626 |   9375 |    251 |   2908 |   4710 |   5 | 1925.2 |
  Orcish Mines |   3045 |   2987 |     58 |   1132 |   1303 |   2 | 1522.5 |
         Sewer |    491 |    491 |      0 |    139 |    154 |   1 |  491.0 |
               +--------+--------+--------+--------+--------+-----+--------+

Top non-repeatable levels by time:
  Lair:4: 2279 daAuts
  Lair:2: 2258 daAuts
    D:10: 2097 daAuts
  Lair:1: 1884 daAuts
  Lair:5: 1805 daAuts
   Orc:2: 1650 daAuts
     D:6: 1504 daAuts
     D:4: 1437 daAuts
     D:3: 1404 daAuts
  Lair:3: 1398 daAuts
   Orc:1: 1394 daAuts
    D:11: 1385 daAuts
     D:5: 1266 daAuts
     D:7: 1263 daAuts
     D:9: 1218 daAuts
